 Dungeon Crawl Stone Soup version 0.30.1-9-gdf580d7c3d (webtiles) character file.

Game seed: 15831860935194760222

88 Ironcache the Vexing (level 4, -2/33 HPs)
             Began as a Formicid Hexslinger on Oct 4, 2023.
             Slain by an ogre
             ... wielding a +0 giant club
              (21 damage)
             ... on level 3 of the Dungeon.
             The game lasted 00:13:08 (1779 turns).

Ironcache the Vexing (Formicid Hexslinger)          Turns: 1779, Time: 00:13:09

Health: -2/33      AC:  8    Str: 15    XL:     4   Next: 82%
Magic:  7/7        EV:  7    Int: 12    God:
Gold:   159        SH:  0    Dex: 16    Spells: 6/7 levels left

rFire   . . .        b - +3 short sword
rCold   . . .        (no shield)
rNeg    . . .        k - +0 chain mail
rPois   .            (helmet unavailable)
rElec   .            (no cloak)
rCorr   .            (no gloves)
SInv    +            (no boots)
Will    .....        (no amulet) Stlth
                     (no ring)
HPRegen 0.25/turn    (no ring)
MPRegen 0.10/turn

%: no passive effects
@: no status effects
A: permanent stasis, dig shafts and tunnels, antennae 3, four strong arms
a: Dig, Shaft Self


You were on level 3 of the Dungeon.
You visited 1 branch of the dungeon, and saw 3 of its levels.

You collected 159 gold pieces.

Inventory:

Hand Weapons
 a - a +1 sling
 b - a +3 short sword (weapon)
 o - a +0 dagger
Armour
 c - a +0 robe
 k - a +0 chain mail (worn)
Scrolls
 e - a scroll of poison
 g - 3 scrolls of identify {unknown}
 i - a scroll of vulnerability {unknown}
 l - a scroll of teleportation {unknown}
 m - a scroll of enchant armour {unknown}
 n - 3 scrolls of fog {unknown}
 p - a scroll of noise {unknown}
 r - a scroll of silence {unknown}
Potions
 d - 3 potions of heal wounds
 f - 2 potions of lignification {unknown}
 h - 2 potions of magic {unknown}
 j - 3 potions of curing {unknown}
 q - a potion of berserk rage {unknown}
 s - a potion of haste {unknown}
 t - a potion of attraction {unknown}


   Skills:
 + Level 2.2 Fighting
 + Level 2.7 Ranged Weapons
 + Level 1.2 Armour
 - Level 2.0 Dodging
 + Level 2.1 Spellcasting
 + Level 4.3 Hexes


You had 6 spell levels left.
You knew the following spells:

 Your Spells              Type           Power      Damage    Failure   Level
a - Slow                  Hex            44%        N/A       58%         1

Your spell library contained the following spells:

 Spells                   Type           Power      Damage    Failure   Level
 Inner Flame              Hex/Fire       6%         N/A       99%         3
 Portal Projectile        Hex/Tloc       12%        N/A       99%         3
 Cause Fear               Hex            5%         N/A       100%        4


Dungeon Overview and Level Annotations

Branches:
Dungeon (3/15)

Altars:


Innate Abilities, Weirdness & Mutations

You cannot be hasted, slowed, berserked, paralysed or teleported.
You can dig through walls and to a lower floor.
You have a pair of large antennae on your head. (SInv)
Your four strong arms can wield two-handed weapons with a shield.


Message History

Found a stone staircase leading down.
The kobold shouts!
The kobold throws a stone.
The stone barely misses you.
You shoot a sling bullet. The sling bullet hits the kobold!
You kill the kobold!
You sense a monster nearby.
You sense a monster nearby.
You sense a monster nearby.
Found a stone staircase leading up.
You open the door.
There is an open door here.
You open the door.
There is an open door here.
You open the door. 5 goblins and an ogre come into view.
The goblin shouts! x5; The ogre shouts!
You hear a shout!
Found 4 large rocks.
b - a +3 short sword (weapon)
The goblin hits you but does no damage.
You barely miss the goblin. The goblin hits you but does no damage.
You hit the goblin.
You kill the goblin!
A goblin comes into view. It is wielding a +0 club.
You hit the goblin.
The goblin is heavily wounded.
You hit the goblin.
You kill the goblin!
You closely miss the goblin. The goblin hits you but does no damage.
You hit the goblin.
You kill the goblin!
You hit the ogre.
The ogre is lightly wounded.
The ogre hits you with a +0 giant club!
You hit the ogre.
The ogre is moderately wounded.
You hit the ogre but do no damage.
The ogre is moderately wounded.
The ogre hits you with a +0 giant club!!
Ouch! That really hurt!
You die...

####### #gO@..#
#g###.####### # #.{
#.......#
#.###########.g{
##.####.#
#.#.........#..{ #.#
#...........#######'####
>.#....................#
..#......#######.......#
.........##............#


You could see an ogre and 2 goblins.

Vanquished Creatures
  4 gnolls (D:2)
  3 worms (D:2)
  7 ball pythons
  3 bats
  A giant cockroach (D:1)
  4 hobgoblins (D:1)
  2 frilled lizards
  9 goblins
  2 kobolds
  5 rats
40 creatures vanquished.

Notes
Turn   | Place    | Note
-------+----------+-------------------------------------------
     0 | D:1      | Ironcache the Formicid Hexslinger began the quest for the
                  | Orb.
     0 | D:1      | Reached XP level 1. HP: 15/15 MP: 2/2
   186 | D:1      | Reached XP level 2. HP: 21/21 MP: 1/3
   368 | D:1      | Found a faded altar of an unknown god.
   588 | D:1      | Reached XP level 3. HP: 26/26 MP: 3/5
   792 | D:2      | Reached skill level 4 in Hexes
  1279 | D:2      | Reached XP level 4. HP: 11/33 MP: 6/6
  1284 | D:2      | HP: 1/33 [gnoll/+0 whip (8)]
  1291 | D:2      | Reached skill level 1 in Armour
  1768 | D:3      | Noticed an ogre
  1779 | D:3      | Slain by an ogre

Illustrated notes

Levels and vault maps discovered:
D:1:      scummos_arrival_hexagon, layout_rooms,
          shapermc_ecumenical_altar_ellora
D:2:      kennysheep_big_flooded_room, layout_basic, minivault_24
D:3:      cheibrodos_old_hovel, layout_basic, minmay_ogre_servants,
          uniq_crazy_yiuf_cottage

Skill      XL: |  1  2  3  4 |
---------------+-------------+-----
Dodging        | 2 |  2.0
Hexes          | 4 |  4.3
Fighting       | 2 |  2.2
Armour         | 1 |  1.2
Spellcasting   | 2 |  2.1
Ranged Weapons | |  2.7

Action                     |  1- 3 |  4- 6 || total
---------------------------+-------+-------++-------
  Melee: Dagger            |    65 |       ||    65
         Punch             |     1 |       ||     1
         Short sword       |    34 |    32 ||    66
   Fire: Sling             |    55 |     6 ||    61
   Cast: Slow              |    11 |       ||    11
    Use: Potion            |       |     1 ||     1
 Armour: Robe              |     6 |       ||     6
         Chain mail        |    17 |    17 ||    34
  Dodge: Dodged            |    58 |    10 ||    68
